 Dungeon Crawl Stone Soup version 0.29.1-1-gd02db6906a (webtiles) character file.

Game seed: 15670271221792861843

137 Ashen the Chiller (level 5, 0/38 HPs)
             Began as a Demonspawn Ice Elementalist on Sept 15, 2022.
             Killed by nerve-wracking pain
             ... invoked by an orc priest
              (9 damage)
             ... on level 3 of the Dungeon.
             The game lasted 00:04:31 (2252 turns).

Ashen the Chiller (Demonspawn Ice Elementalist)     Turns: 2252, Time: 00:04:32

Health: 0/38       AC:  8    Str:  9    XL:     5   Next: 0%
Magic:  4/9        EV: 12    Int: 18    God:
Gold:   155        SH:  0    Dex: 13    Spells: 2/9 levels left

rFire   . . .      SeeInvis .   (no weapon)
rCold   . . .      Faith    .   (no shield)
rNeg    . . .      Spirit   .   a - +0 robe
rPois   .          Reflect  .   (helmet restricted)
rElec   .          Harm     .   (no cloak)
rCorr   .          Rampage  .   (no gloves)
Will    +....                   (no boots)
Stlth   ++........              (no amulet)
HPRegen 0.12/turn               c - ring of willpower
MPRegen 0.11/turn               (no ring)

@: ice-armoured, freezing walls, invisible
A: horns 1, powered by pain 1
a: no special abilities


You were on level 3 of the Dungeon.
You visited 1 branch of the dungeon, and saw 3 of its levels.

You collected 155 gold pieces.

Inventory:

Missiles
 d - 2 silver javelins
Armour
 a - a +0 robe (worn)
Jewellery
 c - a ring of willpower (left hand)
Scrolls
 f - a scroll of torment {unknown}
 g - a scroll of summoning
 i - a scroll of noise {unknown}
 j - a scroll of blinking {unknown}
Potions
 b - 2 potions of magic
 k - a potion of haste {unknown}
 l - a potion of lignification {unknown}


   Skills:
 + Level 1.9 Fighting
 + Level 2.6 Dodging
 + Level 2.7 Stealth
 + Level 2.7 Spellcasting
 + Level 4.1 Ice Magic


You had 2 spell levels left.
You knew the following spells:

 Your Spells              Type           Power      Damage    Failure   Level
a - Freeze                Ice            68%        1d8       3%          1
b - Frozen Ramparts       Ice            34%        1d6       10%         3
c - Ozocubu's Armour      Ice            17%        N/A       10%         3

Your spell library contained the following spells:

 Spells                   Type           Power      Damage    Failure   Level
 Hailstorm                Conj/Ice       9%         3d4       56%         4
 Animate Armour           Summ/Erth      4%         N/A       86%         4
 Blade Hands              Tmut           1%         N/A       99%         5
 Iron Shot                Conj/Erth      1%         9d1       100%        6


Dungeon Overview and Level Annotations

Branches:
Dungeon (3/15)

Altars:
Kikubaaqudgha


Innate Abilities, Weirdness & Mutations

You have a pair of small horns on your head.
You sometimes gain a little power by taking damage.


Message History

The wall freezes something but does no damage.
Something hits you.
Your frozen ramparts will break if you move.
Continue?
You closely miss something. Your headbutt misses something.
The frozen ramparts melt away.
Something hits you.
You completely miss something. Something hits you.
Your magical contamination has completely faded away.
You barely miss something. Your headbutt misses something. Something hits you.
You miss something. Something hits you.
The orc priest mumbles some strange prayers to Beogh against you.
Beogh smites you!
* * * LOW HITPOINT WARNING * * *
Unknown command.
The orc priest begins to cast a cantrip, but forgets the words!
Something hits you.
* * * LOW HITPOINT WARNING * * *
You hear some strange, mumbled words.
Something tries to affect you, but you resist.
You fade into invisibility!
You hear some strange, mumbled words.
Something tries to affect you, but you resist.
Magic courses through your body.
Casting: Freeze (safe; 3% risk of failure)
Confirm with . or Enter, or press ? or * to list all spells.
Casting: Frozen Ramparts (dangerous; 10% risk of failure)
Press: ? - help, Dir - look around, f - activate The walls around you are covered in ice.
The wall freezes something but does no damage.
Something hits you but does no damage.
The wall freezes the orc priest.
Casting: Frozen Ramparts (dangerous; 10% risk of failure)
Confirm with . or Enter, or press ? or * to list all spells.
A film of ice covers your body!
The orc priest looks braver for a moment.
The wall freezes something.
The wall freezes something.
The wall freezes the orc priest.
The wall freezes the orc priest.
The orc priest invokes the aid of Beogh against you.
Pain shoots through your body!
You die...

##.### §...§#########
.....#.<.....#
.._..........#
.....#.......#
°....#.......#
##.###.......#
.)...........#######
#####.........[.@o.##
#........#####..#
#........### ##{#
#.......##.$. #.#
#########$8.8.#)#
#_o$..')# #o8.8.###
##.$.# ####


You could see an orc priest (unable to see you).

Vanquished Creatures
  2 orc priests (D:3)
  An iguana (D:3)
  An adder (D:2)
  5 ball pythons
  5 endoplasms
  A giant cockroach (D:2)
  2 goblins
  5 hobgoblins
  3 jackals (D:2)
  3 kobolds
  2 quokkas
  5 bats
  4 frilled lizards
  A rat (D:1)
40 creatures vanquished.

Vanquished Creatures (collateral kills)
  A hobgoblin (D:3)
  A rat (D:3)
2 creatures vanquished.

Grand Total: 42 creatures vanquished

Notes
Turn   | Place    | Note
-------+----------+-------------------------------------------
     0 | D:1      | Ashen the Demonspawn Ice Elementalist began the quest for
                  | the Orb.
     0 | D:1      | Reached XP level 1. HP: 13/13 MP: 3/3
   571 | D:1      | Gained mutation: You sometimes gain a little power by
                  | taking damage. [demonic ancestry]
   571 | D:1      | Reached XP level 2. HP: 19/20 MP: 3/5
  1082 | D:2      | Reached XP level 3. HP: 22/25 MP: 3/6
  1084 | D:2      | Reached skill level 1 in Fighting
  1092 | D:2      | Learned a level 3 spell: Frozen Ramparts
  1939 | D:3      | Reached XP level 4. HP: 21/32 MP: 3/7
  1943 | D:3      | Learned a level 3 spell: Ozocubu's Armour
  2177 | D:3      | Found an ancient bone altar of Kikubaaqudgha.
  2232 | D:3      | Reached skill level 4 in Ice Magic
  2236 | D:3      | Gained mutation: You have a pair of small horns on your
                  | head. [demonic ancestry]
  2236 | D:3      | Reached XP level 5. HP: 20/38 MP: 1/9
  2252 | D:3      | Killed from afar by an orc priest

Illustrated notes

Levels and vault maps discovered:
D:1:      dpeg_arrival_round_a, layout_basic, minmay_misc_feat_diagonals
D:2:      layout_rooms, serial_curves, eino_curves_04, eino_curves_04,
          eino_curves_01
D:3:      layout_rooms, nicolae_kikubaaqudgha_miasma_corner,
          mainiacjoe_overflow_brackets, serial_shops, shop,
          nicolae_shop_bloodbath_and_beyond, shop, shop,
          shapermc_ecumenical_altar_acropolis, kennysheep_orc_chapel

Skill      XL: |  1  2  3  4 |
---------------+-------------+-----
Stealth        | 2 |  2.7
Dodging        | 2 |  2.6
Fighting       | 1 |  1.9
Ice Magic      | 4 |  4.1
Spellcasting   | |  2.7

Action                   |  1- 3 |  4- 6 || total
-------------------------+-------+-------++-------
Melee: Unarmed           |    23 |     9 ||    32
 Cast: Freeze            |    48 |    13 ||    61
       Frozen Ramparts   |       |     2 ||     2
       Ozocubu's Armour  |       |     1 ||     1
  Use: Scroll            |       |     3 ||     3
       Potion            |       |     3 ||     3
 Stab: Sleeping          |     1 |       ||     1
Armor: Robe              |    13 |     8 ||    21
Dodge: Dodged            |    47 |     8 ||    55
